 Dungeon Crawl Stone Soup version 0.19-a0-994-g3c636f0 (webtiles) character file.

32 Gorice the Insei (level 3, -1/27 HPs)
             Began as a Demonspawn Transmuter on July 16, 2016.
             Slain by a worm (6 damage)
             ... on level 2 of the Dungeon.
             The game lasted 00:05:06 (795 turns).

Gorice the Insei (Demonspawn Transmuter)             Turns: 795, Time: 00:05:06

Health: -1/27      AC:  2    Str: 10    XL:     3   Next: 8%
Magic:  6/6        EV: 12    Int: 15    God:
Gold:   18         SH:  0    Dex: 13    Spells: 1 memorised, 5 levels left

rFire  . . .     SeeInvis .       - Unarmed
rCold  . . .     Gourm    .     b - +0 robe
rNeg   . . .     Faith    .     (no shield)
rPois  .         Spirit   .     (helmet restricted)
rElec  .         Dismiss  .     (no cloak)
rCorr  .         Reflect  .     (no gloves)
SustAt .         Harm     .     (no boots)
MR     .....                    (no amulet)
Stlth  +.........               (no ring)
                                (no ring)

@: not resistant to hostile enchantments, very unstealthy
A: antennae 1, demonic guardian 1
a: no special abilities


You were on level 2 of the Dungeon.
You were not hungry.

You visited 1 branch of the dungeon, and saw 2 of its levels.

You collected 18 gold pieces.

Inventory:

Missiles
 a - 40 arrows
 h - 5 tomahawks (quivered)
 Z - 21 stones
Armour
 b - a +0 robe (worn)
Potions
 i - a potion of agility {unknown}
 k - a potion of beneficial mutation {unknown}
 l - 2 potions of curing {unknown}
Books
 c - a book of Changes
Comestibles
 d - a bread ration {!e}
 f - 2 chunks of flesh
 g - a meat ration {!e}


   Skills:
 + Level 1.7 Fighting
 - Level 1.7 Dodging
 * Level 3.6 Unarmed Combat
 - Level 2.0 Spellcasting
 - Level 1.7 Transmutations


You had 5 spell levels left.
You knew the following spells:

 Your Spells              Type           Power        Failure   Level  Hunger
a - Beastly Appendage     Tmut           #.....       12%         1    #......


Dungeon Overview and Level Annotations

Branches:
Dungeon (2/15)

Altars:


Innate Abilities, Weirdness & Mutations

You have a pair of small antennae on your head.
A weak demonic guardian rushes to your aid.


Message History

You hit the worm.
The worm is moderately wounded.
Your transformation is almost over.
The worm bites you.
Damage: 2 (max 7)
You hit the worm. You claw the worm, but do no damage.
The worm is heavily wounded.
The worm bites you!
* * * LOW HITPOINT WARNING * * *
Damage: 10 (max 10)
You are too injured to fight recklessly!
You are too injured to fight recklessly!
Throwing (i - inventory. (,) - cycle):
h - 6 tomahawks (quivered)
Press: ? - help, Shift-Dir - straight line, f - worm
Aim: a worm (heavily wounded)
You throw a tomahawk. The tomahawk hits the worm.
The worm is heavily wounded.
You hit the worm.
The worm is almost dead.
The worm bites you.
* * * LOW HITPOINT WARNING * * *
Damage: 3 (max 10)
You hit the worm but do no damage.
The worm is severely wounded.
You hit the worm but do no damage. You claw the worm, but do no damage.
The worm is severely wounded.
The worm barely misses you.
You hit the worm but do no damage.
The worm is severely wounded.
You hit the worm. You claw the worm, but do no damage.
The worm is almost dead.
The worm bites you.
* * * LOW HITPOINT WARNING * * *
Damage: 1 (max 10)
You barely miss the worm. You claw the worm.
The worm is almost dead.
Your talons disappear.
You barely miss the worm.
The worm is almost dead.
The worm completely misses you.
Some of the chunks of flesh in your inventory have rotted away.
You barely miss the worm.
The worm is almost dead.
The worm barely misses you.
You hit the worm.
The worm is almost dead.
You hit the worm.
The worm is almost dead.
The worm bites you.
You die...

.##........#.##
.............
#.........##
#.......[..##
#...........
#........#
#.<.# #
##.###.#
#.@w(.#
...<...#####
########


You could see a worm.

Vanquished Creatures
  An ooze (D:1)
  A giant gecko (D:1)
  A ball python (D:1)
  2 giant cockroaches (D:1)
  A goblin (D:1)
  7 hobgoblins (D:1)
  3 kobolds (D:1)
  A bat (D:1)
  4 giant newts (D:1)
  5 rats (D:1)
26 creatures vanquished.

Notes
Turn   | Place    | Note
-------+----------+-------------------------------------------
     0 | D:1      | Gorice the Demonspawn Transmuter began the quest for the Orb.
     0 | D:1      | Reached XP level 1. HP: 15/15 MP: 3/3
    58 | D:1      | Reached skill level 3 in Unarmed Combat
   194 | D:1      | Gained mutation: You have a pair of small antennae on your head. [demonic ancestry]
   194 | D:1      | Reached XP level 2. HP: 17/21 MP: 1/5
   566 | D:1      | Gained mutation: A weak demonic guardian rushes to your aid. [demonic ancestry]
   566 | D:1      | Reached XP level 3. HP: 27/27 MP: 4/6
   783 | D:2      | HP: 8/27 [worm (10)]
   790 | D:2      | HP: 5/27 [worm (1)]
   795 | D:2      | Slain by a worm

Vault maps used:
D:1:      dpeg_arrival_round_a
D:2:      kennysheep_six_static_rooms, lemuel_round_altar, marbit_many_paths

Skill      XL: |  1 |
---------------+----+-----
Unarmed Combat | 3 |  3.6
Fighting       | |  1.7
Dodging        | |  1.7
Spellcasting   | |  2.0
Transmutations | |  1.7

Action                   || total
-------------------------++-------
Melee: Unarmed           ||    79
       Headbutt          ||     2
       Kick              ||    17
Throw: Tomahawk          ||     1
 Cast: Beastly Appendage ||    18
  Use: Scroll            ||     2
Armor: Robe              ||     8
Dodge: Dodged            ||    35

Table legend:
 A = Turns spent in this place as a percentage of turns spent in the entire game.
 B = Non-inter-level travel turns spent in this place as a percentage of non-inter-level travel turns spent in the entire game.
 C = Inter-level travel turns spent in this place as a percentage of turns spent in this place.
 D = Turns resting spent in this place as a percentage of non-inter-level travel turns spent in this place.
 E = Turns spent auto-exploring this place as a percentage of non-inter-level travel turns spent in this place.
 F = Non-inter-level travel turns spent in this place divided by the number of levels of this place that you've seen.
                   A       B       C       D       E      F
               +-------+-------+-------+-------+-------+----------------------
         Total | 100.0 | 100.0 |   0.3 |   0.0 |  10.6 | 146.0
       Dungeon | 100.0 | 100.0 |   0.3 |   0.0 |  10.6 | 146.0
               +-------+-------+-------+-------+-------+----------------------

Vault maps used:
D:1:      dpeg_arrival_round_a
D:2:      kennysheep_six_static_rooms, lemuel_round_altar, marbit_many_paths
